Map: Acid Plant LE

Players

Kozzy

  • Race: Protoss Protoss
  • League: Gold
  • Spawn Location: 11:00

Methyle - Winner!

  • Race: Terran Terran
  • League: Gold
  • Spawn Location: 5:00

VOD

Have the link to the VOD?

Description

Time

  • Played on: April 7, 2018, 12:59 p.m.
  • Length: 4:57
Show
View Real Time Build Order
Export as new Build Order

Kozzy Protoss 

Build Orders:  

Get SALT Encoding   

  12  0:01  Probe  
  13  0:13  Probe  
  14  0:19  Pylon  
  14  0:25  Probe (Chrono Boost)  
  15  0:37  Probe (Chrono Boost)  
  15  0:39  Gateway  
  16  0:46  Probe (Chrono Boost)  
  16  0:49  Assimilator  
  17  0:51  Probe  
  18  1:04  Probe  
  19  1:05  Assimilator  
  19  1:15  Pylon  
  19  1:16  Probe  
  20  1:28  Probe  
  21  1:36  Cybernetics Core  
  21  1:40  Probe  
  22  1:52  Probe  
  23  2:10  Probe  
  23  2:11  Stalker (Chrono Boost)  
  26  2:18  Pylon, Shield Battery  
  26  2:31  Pylon  
  26  2:45  Stalker  
  28  2:57  Robotics Facility  
  28  3:00  Robotics Facility  
  28  3:11  Pylon  
  28  3:39  Pylon  
  28  3:45  Immortal x2 (Chrono Boost)  
  36  4:17  Immortal  
  44  4:26  Stalker  
Show
View Real Time Build Order
Export as new Build Order

Methyle Terran - Winner!

Build Orders:  

Get SALT Encoding   

  12  0:00  SCV  
  13  0:13  SCV  
  14  0:17  Supply Depot  
  14  0:25  Refinery  
  14  0:28  SCV  
  15  0:40  SCV  
  16  0:46  Barracks  
  16  0:52  SCV  
  17  0:59  Refinery  
  17  1:04  SCV  
  18  1:16  SCV  
  20  1:33  Reaper  
  20  1:35  Orbital Command  
  20  1:45  Factory  
  20  1:54  Supply Depot  
  20  2:01  SCV  
  21  2:05  Barracks Reactor  
  21  2:13  SCV  
  22  2:17  Supply Depot  
  21  2:44  SCV  
  22  2:55  Command Center  
  22  2:56  SCV  
  23  2:59  Starport  
  23  3:04  Barracks Tech Lab  
  23  3:10  Hellion  
  26  3:29  Supply Depot, SCV  
  26  3:49  Banshee  
  26  3:53  Cyclone x2  
  35  3:56  Marine  
  35  3:59  SCV  
  37  4:07  Orbital Command  
  37  4:11  SCV  
  37  4:14  Supply Depot  
  38  4:17  Marine  
  38  4:23  SCV  
  40  4:28  Orbital Command  
  40  4:35  SCV  
Tags
 
League
GoldGold
Matchup
PvT
Spawn Locations
Cross Positions
Add a new tag
Caveats
  • Supply blocks, unpowered buildings, or Contaminate may cause inaccurate times.
  • Supply counts are checked every 10 seconds.